 Dungeon Crawl Stone Soup version 0.30.1-9-gdf580d7c3d (webtiles) character file.

Game seed: 5575782759482342279

24287 ChrisDust the Covert (level 12, -9/54 (58) HPs)
             Began as a Spriggan Brigand on Oct 11, 2023.
             Was a High Priest of Ru.
             Mangled by a spriggan rider
             ... wielding a +0 spear
              (20 damage)
             ... on level 1 of the Swamp.
             The game lasted 01:16:22 (14602 turns).

ChrisDust the Covert (Spriggan Brigand)            Turns: 14602, Time: 01:16:23

HP:   -9/54 (58)    AC: 12    Str: 11    XL:     12   Next: 79%
MP:   14/22         EV: 20    Int: 12    God:    Ru [*****.]
Gold: 952           SH:  0    Dex: 18    Spells: 12/23 levels left

rFire   . . .        g - +10 dagger of the Hero {pain, +Blink}
rCold   x . .        (no shield)
rNeg    . . .        e - +3 troll leather armour {Pargi}
rPois   +            m - +2 hat {Stlth+}
rElec   .            y - +2 cloak {Will+}
rCorr   .            (gloves unavailable)
SInv    +            (boots unavailable)
Will    +++..        s - amulet of magic regeneration
Stlth   +++++++      k - ring of protection from fire
HPRegen 1.09/turn    x - ring of wizardry
MPRegen 0.58/turn

%: wizardry (x1)
@: exhausted, drained, very quick
A: very small, no large weapons, unfitting armour, see invisible, speed 3,
inability to use devices, unskilled 1, temperature sensitive, poison resistance,
MP-powered wands, noise suppression
a: Renounce Religion, Draw Out Power, Power Leap, Apocalypse


You were on level 1 of the Swamp.
You worshipped Ru.
Ru was extremely pleased with you.
You visited 3 branches of the dungeon, and saw 14 of its levels.
You also visited: Sewer and Bailey.

You collected 952 gold pieces.

Inventory:

Hand Weapons
 a - a +3 dagger of electrocution
 g - the +10 dagger of the Hero (weapon) {pain, +Blink}
   (You found it on level 5 of the Dungeon)

   +Blink:    It lets you blink.
Missiles
 d - 19 poisoned darts (quivered)
 o - 2 curare-tipped darts
 C - 17 boomerangs
Armour
 b - a +0 robe
 c - a +0 cloak
 e - a +3 troll leather armour (worn) {Pargi}
 l - a scarf of resistance
 m - a +2 hat of stealth (worn)
 y - a +2 cloak of willpower (worn)
Jewellery
 k - a ring of protection from fire (left hand)
 q - a ring of positive energy
 s - an amulet of magic regeneration (around neck)
 x - a ring of wizardry (right hand)
 L - a ring of ice
Wands
 r - a wand of digging (5)
Scrolls
 f - 2 scrolls of silence
 i - 2 scrolls of magic mapping
 j - a scroll of vulnerability
 u - 2 scrolls of enchant weapon
 v - 2 scrolls of amnesia
 D - 2 scrolls of poison
 F - a scroll of teleportation
 G - 2 scrolls of immolation
 J - 2 scrolls of fog {unknown}
 M - a scroll of blinking {unknown}
Potions
 h - 2 potions of lignification {unknown}
 n - 5 potions of mutation
 t - 2 potions of cancellation {unknown}
 w - a potion of brilliance {unknown}
 z - a potion of magic {unknown}
 A - 4 potions of attraction {unknown}
 B - a potion of haste {unknown}
 E - 2 potions of invisibility {unknown}
 H - 3 potions of flight {unknown}
 I - a potion of curing {unknown}
 K - a potion of might
 N - a potion of berserk rage {unknown}


   Skills:
 * Level 4.4 Fighting
 * Level 7.4 Short Blades
 * Level 6.8 Throwing
 * Level 3.9 Armour
 * Level 6.9 Dodging
 * Level 14.5 Stealth
 * Level 6.1 Spellcasting
 * Level 3.3 Conjurations
 + Level 0.5 Hexes
 * Level 4.0 Necromancy
 * Level 7.1 Translocations
 * Level 5.8 Transmutations
 * Level 3.4 Fire Magic
 * Level 4.1 Poison Magic


You had 12 spell levels left.
You knew the following spells:

 Your Spells              Type           Power      Damage    Failure   Level
a - Blink                 Tloc           40%        N/A       1%          2
b - Momentum Strike       Conj/Tloc      32%        3d8       1%          2
c - Necrotise             Necr           52%        1d6       1%          1
d - Ignite Poison         Fire/Tmut/Pois 14%        N/A       4%          3
e - Tukima's Dance        Hex            4%         N/A       22%         3

Your spell library contained the following spells:

 Spells                   Type           Power      Damage    Failure   Level
 Lesser Beckoning         Tloc           40%        N/A       1%          2
 Passwall                 Tmut/Erth      8%         N/A       4%          2
 Passage of Golubria      Tloc           20%        N/A       4%          4
 Vampiric Draining        Necr           13%        2d6       5%          3
 Ensorcelled Hibernation  Hex/Ice        8%         N/A       12%         2
 Sticky Flame             Conj/Fire      11%        2d3       22%         4
 Swiftness                Air            3%         N/A       26%         3
 Agony                    Necr           13%        N/A       41%         5
 Yara's Violent Unravell  Hex/Tmut       5%         3d4       52%         5
 Ignition                 Fire           6%         3d4       100%        8


Dungeon Overview and Level Annotations

Branches:
Dungeon (11/15)            Temple (0/1) D:5            Lair (2/5) D:11
  Swamp (1/4) Lair:2        Sewer (visited)          Bailey (visited)
  Snake: Lair:2-3    Spider: Lair:2-3       Orc: D:9-12

Altars:
Cheibriados
Dithmenos
Elyvilon
Fedhas
Nemelex Xobeh
Okawaru
Ru
Trog
Uskayaw
Vehumet
Wu Jian
Zin

Shops:
D:6 [   D:10 [

Annotations:
D:6 2 transporters, BuzzardItera's ghost, novice MiBe
D:10 1 transporter


Innate Abilities, Weirdness & Mutations

You are very small and have problems with some larger weapons.
You are too small for most types of armour.
You have supernaturally acute eyesight. (SInv)
You cover ground extremely quickly. (Speed+++)
You cannot study or use magical devices.
You are somewhat unskilled. (-1 Apt)
You are sensitive to extremes of temperature. (rF-, rC-)
Your system is resistant to poisons. (rPois)
You expend magic power (3 MP) to strengthen your wands.
You passively dampen the noise of your surroundings.


Message History

You hear a splash.
The spriggan rider hits you from afar with a +0 spear!!
* * * LOW HITPOINT WARNING * * *
Unknown command.
You feel much better.
The spriggan rider hits you from afar with a +0 spear!
Okay, then.
Casting: Ignite Poison (dangerous; 4% risk of failure)
Confirm with . or Enter, or press ? or * to list all spells.
Okay, then.
Press: ? - help, v - describe, . - travel
Here: a spriggan rider, wielding a +0 spear (lightly wounded)
The floor.
Casting: Ignite Poison (dangerous; 4% risk of failure)
Confirm with . or Enter, or press ? or * to list all spells.
You can't see any susceptible monsters within range! (Use Z to cast anyway.) Unknown command.
Casting: Ignite Poison (dangerous; 4% risk of failure)
Confirm with . or Enter, or press ? or * to list all spells.
Okay, then.
Casting: Ignite Poison (dangerous; 4% risk of failure)
Confirm with . or Enter, or press ? or * to list all spells.
Aiming: Tukima's Dance (dangerous; 22% risk of failure)
Press: ? - help, Shift-Dir - straight line, f/p - spriggan rider
Aim: a spriggan rider, wielding a +0 spear (lightly wounded, chance to affect: 0%)
The spriggan rider resists with almost no effort.
The spriggan rider hits you from afar with a +0 spear!!
* * * LOW HITPOINT WARNING * * *
Casting: Tukima's Dance (dangerous; 22% risk of failure)
Confirm with . or Enter, or press ? or * to list all spells.
You blink.
Casting: Blink (safe; 1% risk of failure)
Confirm with . or Enter, or press ? or * to list all spells.
You are still too unstable to blink.
Unknown command.
You enter the shallow water.
Moving in this stuff is going to be slow.
You feel stable enough to blink again.
The spriggan rider hits you from afar with a +0 spear!!
You die...

w~~~.~~~♣ ~~~..§~.♣
~~~~.~~.~ ~~~..~..♣
~~~~....♣♣♣♣♣♣♣♣♣♣ ♣♣♣
~~.......♣.~~~♣♣.♣♣♣♣~~(♣
#..♣.~~[..~§~~(§~♣
##...†~§...§~.~~.♣
##.@~i~.<.....~♣♣
#.~~~§~..♣~..♣♣
#...~~~.♣♣...♣
#.~~~...~..♣♣♣
##....~~~.♣♣♣ #...~~~~..♣
♣...♣~§~~~~.♣
♣♣.♣♣~..~~..♣ ♣♣
♣♣♣♣...♣♣


You could see a spriggan rider.

Vanquished Creatures
  Gastronok (D:10)
  A thorn hunter (Swamp:1)
  Fannar (Lair:2)
  A hydra (Swamp:1)
  2 vault guards (Bailey)
  2 ugly things
  Maurice (D:8)
  6 elephants (Lair:1)
  A black mamba (Lair:1)
  An unseen horror (D:11)
  7 cane toads
  A kobold demonologist (D:10)
  2 rime drakes
  3 komodo dragons (Lair:1)
  3 trolls
  2 polar bears (Lair:2)
  Prince Ribbit (Bailey)
  Sigmund (D:4)
  3 shadows
  A wraith (D:10)
  2 wyverns
  23 yaks
  6 humans (Bailey)
  A steam dragon (D:8)
  3 vampire mosquitoes (D:10)
  A swamp worm (Swamp:1)
  Duvessa (D:6)
  2 water moccasins (Lair:1)
  Pargi (Sewer)
  5 orc warriors
  A black bear (D:5)
  A sky beast (D:7)
  4 ice beasts
  3 ogres
  3 centaurs
  A phantom (D:5)
  Blork the orc (D:6)
  2 kobold brigands
  11 bullfrogs
  3 scorpions
  A gnoll sergeant (D:10)
  Dowan (D:6)
  7 wights
  A water moccasin skeleton (D:5)
  6 killer bees
  A howler monkey (D:5)
  A bullfrog zombie (D:5)
  5 orc priests
  5 jellies
  A gnoll bouda (D:9)
  Crazy Yiuf (D:6)
  4 hounds
  2 sleepcaps
  Terence (D:3)
  Natasha (thrice) (D:4)
  6 iguanas
  5 orc wizards
  A mummy (D:7)
  11 gnolls
  13 adders
  A hound simulacrum (D:5)
  2 shadow imps
  4 white imps
  2 worms (D:2)
  4 dart slugs
  39 orcs
  2 ball pythons
  4 endoplasms
  10 giant cockroaches
  9 goblins
  10 hobgoblins
  10 jackals
  8 quokkas
  6 bats
  5 frilled lizards
  A hobgoblin zombie (D:7)
  26 kobolds
  2 kobold zombies (D:7)
  An orc zombie (D:7)
  3 rats
341 creatures vanquished.

Vanquished Creatures (others)
  Maggie (D:6)
  A komodo dragon (Lair:1)
2 creatures vanquished.

Grand Total: 343 creatures vanquished

Notes
Turn   | Place    | Note
-------+----------+-------------------------------------------
     0 | D:1      | ChrisDust the Spriggan Brigand began the quest for the Orb.
     0 | D:1      | Reached XP level 1. HP: 10/10 MP: 2/2
    79 | D:1      | Reached skill level 6 in Stealth
   330 | D:1      | Reached XP level 2. HP: 11/14 MP: 3/3
   461 | D:2      | Found a sacrificial altar of Ru.
   505 | D:2      | Reached XP level 3. HP: 13/18 MP: 4/4
   510 | D:2      | Became a worshipper of Ru the Awakened
   945 | D:2      | Reached skill level 7 in Stealth
  1032 | D:2      | Reached XP level 4. HP: 23/23 MP: 5/5
  1093 | D:2      | Noticed a scorpion
  1097 | D:2      | Killed a scorpion
  1098 | D:2      | Reached skill level 1 in Spellcasting
  1166 | D:2      | Reached XP level 5. HP: 26/26 MP: 7/7
  1789 | D:1      | Reached skill level 1 in Armour
  2192 | D:3      | Gained mutation: You cannot study or use magical devices.
                  | [Ru sacrifice]
  2192 | D:3      | Reached * piety under Ru
  2192 | D:3      | Reached ** piety under Ru
  2242 | D:3      | Found an iron altar of Okawaru.
  2355 | D:3      | Reached skill level 8 in Stealth
  2355 | D:3      | Found a glowing drain.
  2359 | Sewer    | Entered a sewer
  2500 | Sewer    | Noticed Pargi
  2534 | Sewer    | Killed Pargi
  2535 | Sewer    | Reached XP level 6. HP: 30/30 MP: 7/9
  2828 | D:3      | Found a white marble altar of Elyvilon.
  2905 | D:3      | Noticed Terence
  2913 | D:3      | Killed Terence
  3195 | D:4      | Reached skill level 9 in Stealth
  3445 | D:4      | Noticed Natasha
  3536 | D:3      | Learned a level 2 spell: Blink
  3640 | D:4      | Reached XP level 7. HP: 35/35 MP: 11/11
  3659 | D:4      | Killed Natasha
  3833 | D:4      | Noticed Natasha
  3860 | D:4      | Killed Natasha
  3869 | D:4      | Reached skill level 1 in Translocations
  4021 | D:4      | Found a shadowy altar of Dithmenos.
  4192 | D:4      | Gained mutation: You are somewhat unskilled. (-1 Apt) [Ru
                  | sacrifice]
  4192 | D:4      | Reduced skill Stealth to level 8
  4192 | D:4      | Reached *** piety under Ru
  4192 | D:4      | Reached **** piety under Ru
  4213 | D:4      | Noticed Sigmund
  4236 | D:4      | Killed Sigmund
  4237 | D:4      | Reached skill level 9 in Stealth
  4586 | D:4      | Noticed Natasha
  4679 | D:4      | Killed Natasha
  4706 | D:5      | Entered Level 5 of the Dungeon
  4741 | D:5      | Reached XP level 8. HP: 39/39 MP: 6/12
  5048 | D:5      | Found a staircase to the Ecumenical Temple.
  5149 | D:5      | Learned a level 2 spell: Momentum Strike
  5652 | D:5      | Reached skill level 5 in Short Blades
  5760 | D:5      | Identified the +10 dagger of the Hero {pain, +Blink}
  5775 | D:5      | Learned a level 1 spell: Necrotise
  5779 | D:5      | Learned a level 3 spell: Ignite Poison
  5835 | D:6      | Noticed Duvessa
  5837 | D:6      | Noticed Dowan
  5862 | D:6      | Killed Duvessa
  5866 | D:6      | Killed Dowan
  5867 | D:6      | Reached skill level 10 in Stealth
  5867 | D:6      | Reached XP level 9. HP: 42/43 MP: 10/15
  5932 | D:6      | Found a transporter.
  5933 | D:6      | Noticed BuzzardItera's ghost (novice MiBe)
  5943 | D:6      | Found a transporter.
  5978 | D:6      | Noticed Blork the orc
  6005 | D:6      | Killed Blork the orc
  6068 | D:6      | Noticed Maggie
  6118 | D:6      | Reached skill level 1 in Conjurations
  6123 | D:6      | Reached skill level 1 in Transmutations
  6160 | D:6      | Found Nasata's Antique Armour Shop.
  6327 | D:6      | Killed Maggie
  6328 | D:6      | Reached skill level 1 in Necromancy
  6840 | D:6      | Found a runed translucent door.
  6841 | D:6      | Noticed Crazy Yiuf
  6848 | D:6      | Killed Crazy Yiuf
  7089 | D:7      | Found a flagged portal.
  7103 | D:7      | Reached skill level 1 in Poison Magic
  7119 | Bailey   | Entered a bailey
  7136 | Bailey   | Reached skill level 1 in Fire Magic
  7152 | Bailey   | Gained mutation: You are sensitive to extremes of
                  | temperature. (rF-, rC-) [Ru sacrifice]
  7152 | Bailey   | Reached ***** piety under Ru
  7330 | Bailey   | Reached skill level 5 in Throwing
  7467 | Bailey   | Reached XP level 10. HP: 49/49 MP: 11/17
  7485 | Bailey   | Noticed a vault guard
  7485 | Bailey   | Noticed Prince Ribbit
  7490 | Bailey   | Killed Prince Ribbit
  7494 | Bailey   | Killed a vault guard
  7495 | Bailey   | Reached skill level 5 in Dodging
  7495 | Bailey   | Reached skill level 11 in Stealth
  7533 | Bailey   | Noticed a vault guard
  7579 | Bailey   | Killed a vault guard
  7827 | D:7      | Identified the +4 rapier of the Abyss {flame, rC+ Int+7
                  | Dex+4}
  7897 | D:7      | Found a radiant altar of Vehumet.
  7925 | D:7      | Found a sacrificial altar of Ru.
  8102 | D:7      | Gained mutation: Your system is resistant to poisons.
                  | (rPois) [potion of mutation]
  8102 | D:7      | Gained mutation: You expend magic power (3 MP) to
                  | strengthen your wands. [potion of mutation]
  8102 | D:7      | Gained mutation: You passively dampen the noise of your
                  | surroundings. [potion of mutation]
  9299 | D:8      | Noticed Maurice
  9335 | D:8      | Killed Maurice
  9336 | D:8      | Reached skill level 5 in Translocations
  9530 | D:8      | Reached skill level 12 in Stealth
  9533 | D:8      | Reached XP level 11. HP: 40/52 MP: 15/19
 10084 | D:8      | Found a blossoming altar of Fedhas.
 10377 | D:9      | Found a bloodstained altar of Trog.
 10579 | D:9      | Found a snail-covered altar of Cheibriados.
 11268 | D:10     | Entered Level 10 of the Dungeon
 11361 | D:10     | Found a hide-covered altar of Uskayaw.
 11407 | D:10     | Noticed a cyan ugly thing
 11419 | D:10     | Found Nirgh's Armour Shoppe.
 11511 | D:10     | Noticed Gastronok
 11541 | D:10     | Killed Gastronok
 11542 | D:10     | Reached skill level 5 in Spellcasting
 11571 | D:10     | Found a glowing silver altar of Zin.
 11611 | D:10     | Found an ornate altar of the Wu Jian Council.
 11723 | D:10     | Killed a cyan ugly thing
 11846 | D:10     | Learned a level 3 spell: Tukima's Dance
 11914 | D:10     | Found a sparkling altar of Nemelex Xobeh.
 11914 | D:10     | Found a transporter.
 11914 | D:10     | Noticed a frost giant
 11915 | D:10     | Noticed a boulder beetle
 12164 | D:11     | Reached skill level 13 in Stealth
 12418 | D:11     | Noticed a brown ugly thing
 12425 | D:11     | Killed a brown ugly thing
 12800 | D:11     | Found a staircase to the Lair.
 13067 | Lair:1   | Entered Level 1 of the Lair of Beasts
 13313 | Lair:1   | Reached skill level 5 in Transmutations
 13313 | Lair:1   | Reached XP level 12. HP: 49/58 MP: 12/21
 13457 | Lair:1   | Reached skill level 14 in Stealth
 14167 | Lair:2   | Found a staircase to the Swamp.
 14196 | Lair:2   | Noticed Fannar
 14209 | Lair:2   | Killed Fannar
 14553 | Swamp:1  | Entered Level 1 of the Swamp
 14553 | Swamp:1  | Noticed a thorn hunter
 14554 | Swamp:1  | Killed a thorn hunter
 14575 | Swamp:1  | Noticed a four-headed hydra
 14587 | Swamp:1  | Killed a four-headed hydra
 14602 | Swamp:1  | Mangled by a spriggan rider

Illustrated notes

Levels and vault maps discovered:
D:1:      minmay_arrival_checkered_box, layout_basic,
          chequers_serial_rivers_large_a
D:2:      kb_forest_paths, layout_basic, basic_altar
D:3:      layout_basic, mainiacjoe_overflow_six_doors_small,
          mainiacjoe_overflow_concentric_impassable, gup_sewer_entry_spiral,
          uniq_terence
D:4:      layout_cave_pools, lemuel_tele_altar, uniq_natasha, uniq_sigmund
D:5:      layout_basic, minmay_temple_entry_crystal_x, dilly_guarded_unrand_morg
D:6:      layout_loops_ring, gammafunk_ghost_stat_death, nicolae_stop_n_shop_1,
          uniq_duvessa, uniq_blork_the_orc, uniq_crazy_yiuf_cottage, uniq_maggie
D:7:      layout_layer_cave, amethyst_overflow_temple_binary, enter_bailey_4,
          minmay_mini_ossuary
D:8:      layout_basic, fedhas_altar_fruit_tree, kennysheep_generic_room_12,
          uniq_maurice
D:9:      layout_long_grid, nicolae_overflow_hidden_temple,
          mainiacjoe_overflow_alcove_4
D:10:     layout_cave_pools, nicolae_uskayaw_murder_on_the_dancefloor,
          mainiacjoe_overflow_surrounded_room, grunt_nemelex_the_gamble,
          old_standard_altar, serial_shops, shop, hex_large, minivault_27,
          uniq_gastronok
D:11:     layout_irregular_city, lair_entry_dummy
Lair:1:   layout_gridlike, chequers_serial_rivers_micro_e
Lair:2:   layout_cave_shapes, swamp_mist, uniq_fannar
Swamp:1:  layout_basic_swamp, serial_swamp_ruin, evilmike_swamp_ruin_house_4,
          evilmike_swamp_ruin_house_3, swamp_pool3, uniq_jorgrun

Skill      XL: |  1  2  3  4  5  6  7  8  9 10 11 12 |
---------------+-------------------------------------+-----
Stealth        | 6 7 8 9 9 10 12 13 14 | 14.5
Dodging        | 2 3 4 5 6 |  6.9
Short Blades   | 3 5 6 7 |  7.4
Spellcasting   | 1 2 3 4 5 6 |  6.1
Armour         | 1 2 3 |  3.9
Fighting       | 2 3 4 |  4.4
Throwing       | 3 4 5 6 |  6.8
Translocations | 1 3 4 5 6 7 |  7.1
Conjurations   | 1 2 3 |  3.3
Transmutations | 2 3 5 |  5.8
Necromancy     | 1 2 3 4 |  4.0
Poison Magic   | 1 2 3 4 |  4.1
Fire Magic     | 1 2 3 |  3.4
Hexes          | |  0.5

Action                     |  1- 3 |  4- 6 |  7- 9 | 10-12 || total
---------------------------+-------+-------+-------+-------++-------
  Melee: Dagger            |    76 |   133 |   204 |   287 ||   700
         Punch             |       |     1 |     9 |       ||    10
  Throw: Dart              |    13 |    48 |    69 |    47 ||   177
   Cast: Momentum Strike   |       |       |    13 |       ||    13
         Necrotise         |       |       |     1 |       ||     1
         Ignite Poison     |       |       |     2 |    22 ||    24
         Blink             |       |       |     2 |     6 ||     8
         Tukima's Dance    |       |       |       |     3 ||     3
 Invoke: Sacrifice Artific |       |     1 |       |       ||     1
         Power Leap        |       |       |    24 |    23 ||    47
         Sacrifice Skill   |       |       |     1 |       ||     1
         Sacrifice Resista |       |       |     1 |       ||     1
         Apocalypse        |       |       |       |     9 ||     9
         Reject Sacrifices |       |       |       |     2 ||     2
    Use: Scroll            |     1 |     8 |     6 |    14 ||    29
         Potion            |       |       |     4 |     4 ||     8
   Stab: Sleeping          |    11 |    26 |    10 |    38 ||    85
         Distracted        |       |     1 |     4 |     3 ||     8
         Invisible         |       |     1 |       |     2 ||     3
         Fleeing           |       |       |     1 |       ||     1
         Paralysed         |       |       |     1 |     6 ||     7
 Armour: Robe              |    13 |     9 |       |       ||    22
         Troll leather arm |       |    13 |    27 |    21 ||    61
  Dodge: Dodged            |    55 |    99 |   125 |   122 ||   401
